 Dungeon Crawl Stone Soup version 0.31-a0-219-g8d62b2e7bb (webtiles) character file.

Game seed: 7077724773257230069

921 Newt the Skirmisher (level 8, -5/49 HPs)
             Began as a Kobold Hunter on July 3, 2023.
             Was an Initiate of Hepliaklqana.
             Killed from afar by a steam dragon (16 damage)
             ... with a ball of steam
             ... on level 5 of the Dungeon.
             The game lasted 00:05:18 (4717 turns).

Newt the Skirmisher (Kobold Hunter)                 Turns: 4717, Time: 00:05:19

Health: -5/49      AC:  9    Str:  8    XL:     8   Next: 31%
Magic:  8/8        EV: 18    Int: 10    God:    Hepliaklqana [......]
Gold:   143        SH:  0    Dex: 21    Spells: 7/7 levels left

rFire   . . .        a - +1 shortbow
rCold   . . .        (shield currently unavailable)
rNeg    . . .        c - +1 leather armour
rPois   .            (no helmet)
rElec   .            b - +0 cloak
rCorr   .            (no gloves)
SInv    .            (no boots)
Will    .....        (no amulet)
Stlth   +++          j - +4 ring of protection
HPRegen 0.28/turn    (no ring)
MPRegen 0.11/turn

%: no passive effects
@: no status effects
A: small, no large weapons, nightstalker 3
a: Renounce Religion


You were on level 5 of the Dungeon.
You worshipped Hepliaklqana.
Hepliaklqana was noncommittal.
You visited 2 branches of the dungeon, and saw 6 of its levels.

You collected 143 gold pieces.

Inventory:

Hand Weapons
 a - a +1 shortbow (weapon)
 f - the +5 dagger of the Dove {holy, Fly}
   (You found it on level 3 of the Dungeon)

   Fly:       It grants you flight.
Armour
 b - a +0 cloak (worn)
 c - a +1 leather armour (worn)
Jewellery
 j - a +4 ring of protection (left hand)
Wands
 p - a wand of charming (12)
 t - a wand of polymorph (9)
 u - a wand of mindburst (9)
Scrolls
 i - 4 scrolls of teleportation
 m - a scroll of vulnerability
 o - a scroll of enchant armour
 v - a scroll of fog {unknown}
Potions
 d - a potion of invisibility {unknown}
 e - a potion of attraction
 g - 2 potions of enlightenment
 h - 2 potions of might
 k - 2 potions of heal wounds
 l - 3 potions of curing
 n - 2 potions of ambrosia {unknown}
 q - a potion of lignification {unknown}
 r - 2 potions of mutation {unknown}
 s - a potion of brilliance {unknown}


   Skills:
 - Level 5.0 Fighting
 + Level 10.0 Ranged Weapons
 - Level 6.0 Dodging
 - Level 1.3 Stealth


You had 7 spell levels left.
You didn't know any spells.
Your spell library was empty.

Dungeon Overview and Level Annotations

Branches:
Dungeon (5/15)             Temple (1/1) D:5

Altars:
Dithmenos
Elyvilon
Fedhas
Gozag
Hepliaklqana
Kikubaaqudgha
Makhleb
Nemelex Xobeh
Ru
Uskayaw
Vehumet
Yredelemnul

Annotations:
D:4 Duvessa


Innate Abilities, Weirdness & Mutations

You are small and have problems with some larger weapons.
You are completely attuned to the shadows.


Message History

The steam dragon closely misses you. The steam dragon barely misses you.
You shoot an arrow. The arrow hits the steam dragon.
The steam dragon is heavily wounded.
The steam dragon closely misses you. The steam dragon barely misses you.
You shoot an arrow.
The arrow barely misses the steam dragon.
The steam dragon bites you but does no damage.
The steam dragon closely misses you.
You shoot an arrow. The arrow hits the steam dragon.
The steam dragon is severely wounded.
The steam dragon misses you.
The steam dragon claws you but does no damage.
You shoot an arrow.
The arrow barely misses the steam dragon.
The steam dragon closely misses you. x2
You shoot an arrow. The arrow hits the steam dragon!
The steam dragon is almost dead.
The steam dragon breathes steam at you. The ball of steam hits you.
You shoot an arrow.
The arrow hits the steam dragon but does no damage.
The steam dragon is almost dead.
You are engulfed in a cloud of scalding steam.
The steam dragon barely misses you. The steam dragon claws you.
You shoot an arrow.
The arrow hits the steam dragon but does no damage.
The steam dragon is almost dead.
You are engulfed in a cloud of scalding steam.
The steam dragon breathes steam at you. The ball of steam hits you!
* * * LOW HITPOINT WARNING * * *
You shoot an arrow. The arrow hits the steam dragon.
The steam dragon is almost dead.
The steam dragon barely misses you. x2
Unknown command.
You shoot an arrow.
The arrow barely misses the steam dragon.
The steam dragon breathes steam at you. The ball of steam hits you!
You die...

#..##########.......>..........#
#.<....# #..................#
#####..######........?.).......##
##...........................
##.#######.....#..........##
#..#############...........
#.......# #......#####
#.......########.###.######
#........D@§.....# #.###...
#........######### #..##.##
#.......## ##.##.#. .....§#
#...... ..§§§# ###..#. ..§§§#
#..## .....# #.... .....# #....
#####


You could see a steam dragon (catching breath).

Vanquished Creatures
  Grinder (D:3)
  An ogre (D:5)
  2 phantoms (D:5)
  Dowan (D:4)
  A howler monkey (D:5)
  A jelly (D:5)
  Crazy Yiuf (D:3)
  An orc priest (D:3)
  Ijyb (D:5)
  2 iguanas
  3 orc wizards
  4 gnolls (D:3)
  5 adders
  A shadow imp (D:5)
  A white imp (D:5)
  A dart slug (D:3)
  6 orcs
  11 endoplasms
  2 giant cockroaches (D:2)
  3 goblins
  4 hobgoblins
  A jackal (D:1)
  4 quokkas
  6 ball pythons
  4 bats
  A frilled lizard (D:2)
  7 kobolds
  5 rats
81 creatures vanquished.

Vanquished Creatures (others)
  An orc (D:4)
1 creature vanquished.

Grand Total: 82 creatures vanquished

Notes
Turn   | Place    | Note
-------+----------+-------------------------------------------
     0 | D:1      | Newt the Kobold Hunter began the quest for the Orb.
     0 | D:1      | Reached XP level 1. HP: 12/12 MP: 1/1
    96 | D:1      | Reached XP level 2. HP: 12/18 MP: 2/2
   498 | D:1      | Reached XP level 3. HP: 15/23 MP: 3/3
  1489 | D:2      | Reached XP level 4. HP: 30/30 MP: 4/4
  2095 | D:3      | Noticed Grinder
  2109 | D:3      | Killed Grinder
  2110 | D:3      | Reached skill level 5 in Fighting
  2110 | D:3      | Reached skill level 7 in Ranged Weapons
  2110 | D:3      | Reached XP level 5. HP: 16/35 MP: 5/5
  2110 | D:3      | Reached XP level 6. HP: 18/40 MP: 6/6
  2304 | D:3      | Reached skill level 8 in Ranged Weapons
  2527 | D:3      | Identified the +5 dagger of the Dove {holy, Fly}
  2603 | D:3      | Found a runed translucent door.
  2606 | D:3      | Noticed Crazy Yiuf
  2909 | D:3      | Reached XP level 7. HP: 40/44 MP: 7/7
  3402 | D:3      | Killed Crazy Yiuf
  3403 | D:3      | Reached skill level 9 in Ranged Weapons
  4071 | D:4      | Noticed Dowan
  4076 | D:4      | Noticed Duvessa
  4085 | D:4      | Killed Dowan
  4089 | D:5      | Entered Level 5 of the Dungeon
  4199 | D:5      | Reached skill level 10 in Ranged Weapons
  4300 | D:5      | Reached XP level 8. HP: 49/49 MP: 8/8
  4340 | D:5      | Reached skill level 5 in Dodging
  4380 | D:5      | Noticed Ijyb
  4392 | D:5      | Killed Ijyb
  4426 | D:5      | Found a staircase to the Ecumenical Temple.
  4468 | Temple   | Entered the Ecumenical Temple
  4538 | Temple   | Became a worshipper of Hepliaklqana the Forgotten
  4618 | D:5      | Found a hide-covered altar of Uskayaw.
  4717 | D:5      | Killed from afar by a steam dragon

Illustrated notes

Levels and vault maps discovered:
D:1:      dpeg_arrival_brainrot, layout_basic, grunt_decor_junction
D:2:      layout_loops_ring, kennysheep_generic_room_13
D:3:      layout_basic, uniq_grinder, uniq_crazy_yiuf_cottage
D:4:      layout_basic, uniq_duvessa
D:5:      layout_rooms, nicolae_overflow_crystal_walls, temple_hall, uniq_ijyb
Temple:   nicolae_temple_two_arcs

Skill      XL: |  1  2  3  4  5  6  7  8 |
---------------+-------------------------+-----
Fighting       | 3 4 5 |  5.0
Ranged Weapons | 7 8 10 | 10.0
Dodging        | 4 6 |  6.0
Stealth        | |  1.3

Action                     |  1- 3 |  4- 6 |  7- 9 || total
---------------------------+-------+-------+-------++-------
  Melee: Shortbow          |       |     3 |       ||     3
   Fire: Shortbow          |    66 |    91 |   139 ||   296
  Evoke: Wand              |       |     3 |     1 ||     4
    Use: Scroll            |     6 |     2 |     4 ||    12
         Potion            |       |     1 |     1 ||     2
 Armour: Leather armour    |    11 |    16 |    24 ||    51
  Dodge: Dodged            |    28 |    29 |    47 ||   104

Table legend: (Time is in decaauts)
 A = Elapsed time spent in this place.
 B = Non-inter-level travel time spent in this place.
 C = Inter-level travel time spent in this place.
 D = Time resting spent in this place.
 E = Time spent auto-exploring this place.
 F = Levels seen in this place.
 G = Mean time per level.
                   A        B        C        D        E       F      G
               +--------+--------+--------+--------+--------+-----+--------+
         Total |   4737 |   4595 |    142 |   1199 |   2830 |   6 |  789.5 |
       Dungeon |   4658 |   4525 |    133 |   1199 |   2771 |   5 |  931.6 |
        Temple |     78 |     70 |      8 |      0 |     59 |   1 |   78.0 |
               +--------+--------+--------+--------+--------+-----+--------+

Top non-repeatable levels by time:
     D:3: 1670 daAuts
     D:2: 1098 daAuts
     D:1: 997 daAuts
     D:5: 544 daAuts
     D:4: 347 daAuts
  Temple: 78 daAuts
